 Dungeon Crawl Stone Soup version 0.24-a0-201-gf205589 (webtiles) character file.

Game seed: 6513345218215505478

548 Borgoz the Skirmisher (level 7, -16/43 HPs)
             Began as a Kobold Fighter on Mar 24, 2019.
             Demolished by an ogre
             ... wielding a +0 giant club
              (22 damage)
             ... on level 5 of the Dungeon.
             The game lasted 00:06:52 (4649 turns).

Borgoz the Skirmisher (Kobold Fighter)              Turns: 4649, Time: 00:06:54

Health: -16/43     AC:  9    Str: 19    XL:     7   Next: 53%
Magic:  10/10      EV: 13    Int: 11    God:
Gold:   106        SH:  0    Dex: 14    Spells: 10/10 levels left

rFire    + . .     SeeInvis .   a - +0 rapier
rCold    . . .     Gourm    .   (shield restricted)
rNeg     . . .     Faith    .   n - +2 scale mail {rF+}
rPois    .         Spirit   .   (no helmet)
rElec    .         Reflect  .   (no cloak)
rCorr    .         Harm     .   (no gloves)
MR       .....                  (no boots)
Stlth    +.........             (no amulet)
HPRegen  0.14/turn              (no ring)
MPRegen  0.12/turn              (no ring)

@: mighty
A: small, carnivore
a: no special abilities


You were on level 5 of the Dungeon.
You were very full.

You visited 1 branch of the dungeon, and saw 5 of its levels.

You collected 106 gold pieces.

Inventory:

Hand Weapons
 a - a +0 rapier (weapon)
 b - a +0 blowgun
Missiles
 l - 10 tomahawks of returning (quivered)
 r - 32 poisoned needles
Armour
 c - a +0 shield
 n - a +2 scale mail of fire resistance (worn)
Jewellery
 t - a cursed ring of teleportation {unknown}
 v - an uncursed ring of protection from cold {unknown}
Scrolls
 e - 2 scrolls of remove curse
 g - 7 scrolls of identify {unknown}
 h - a scroll of fear {unknown}
 i - a scroll of teleportation
 j - a scroll of enchant weapon {unknown}
 m - 3 scrolls of immolation {unknown}
 o - 2 scrolls of magic mapping
 q - a scroll of amnesia {unknown}
Potions
 k - 2 potions of mutation {unknown}
 p - a potion of brilliance
 s - a potion of curing {unknown}
 w - a potion of magic {unknown}
Comestibles
 f - 3 rations


   Skills:
 + Level 4.3 Fighting
 + Level 4.1 Short Blades
 + Level 2.4 Throwing
 * Level 3.8 Armour
 + Level 2.8 Dodging
 + Level 3.6 Stealth
 - Level 2.8 Shields
 + Level 2.2 Spellcasting


You had 10 spell levels left.
You didn't know any spells.
Your spell library was empty.

Dungeon Overview and Level Annotations

Branches:
Dungeon (5/15)
 Temple: D:4-7

Altars:
Cheibriados
Kikubaaqudgha
Makhleb
Okawaru
Vehumet
Yredelemnul
Zin


Innate Abilities, Weirdness & Mutations

You are small and have problems with some larger weapons.
You are carnivorous and can eat meat at any time.


Message History

The centaur barely misses you. The ogre barely misses you.
You completely miss the ogre. The centaur hits you.
* * * LOW HITPOINT WARNING * * *
You puncture the ogre!
The ogre is moderately wounded.
The centaur closely misses you. The ogre barely misses you.
The hound skeleton bites you but does no damage.
The centaur hits you but does no damage.
You barely miss the ogre.
The ogre is moderately wounded.
The hound skeleton misses you. The centaur hits you.
* * * LOW HITPOINT WARNING * * *
The ogre closely misses you. The hound skeleton barely misses you.
You puncture the ogre!
The ogre is heavily wounded.
The centaur barely misses you. x2
The hound skeleton bites you but does no damage.
The ogre hits you with a +0 giant club!!
Ouch! That really hurt!
You die...

#####
##...#
....# ...
#.# . #<#
... #.#
##..#Z###
#....O@.#
#....###c#
#..### S#
.. w# .#
.# .. ..


You could see an ogre, a centaur, a worm, an adder and a hound skeleton.

Vanquished Creatures
  Blork the orc (D:4)
  2 howler monkeys
  A jelly (D:3)
  3 orc priests
  2 orc wizards
  3 worker ants (D:4)
  A hound skeleton (D:4)
  2 gnolls
  2 adders (D:2)
  An ooze (D:2)
  3 worms
  A dart slug (D:1)
  2 leopard geckos
  20 orcs
  A ball python (D:1)
  6 giant cockroaches
  5 goblins
  4 hobgoblins
  2 jackals (D:2)
  6 kobolds
  A quokka (D:2)
  8 bats
  5 frilled lizards
  4 rats
86 creatures vanquished.

Notes
Turn   | Place    | Note
-------+----------+-------------------------------------------
     0 | D:1      | Borgoz the Kobold Fighter began the quest for the Orb.
     0 | D:1      | Reached XP level 1. HP: 14/14 MP: 1/1
    99 | D:1      | Reached XP level 2. HP: 19/19 MP: 2/2
   212 | D:1      | Reached skill level 1 in Stealth
   296 | D:1      | Reached skill level 1 in Dodging
   296 | D:1      | Reached XP level 3. HP: 23/23 MP: 3/3
   637 | D:2      | Found an ancient bone altar of Kikubaaqudgha.
   714 | D:2      | Found a snail-covered altar of Cheibriados.
   740 | D:2      | Reached XP level 4. HP: 22/28 MP: 5/5
   975 | D:2      | Found a glowing silver altar of Zin.
   975 | D:2      | Found a burning altar of Makhleb.
   976 | D:2      | Noticed a blizzard demon
   976 | D:2      | Noticed an angel
  1077 | D:2      | Found an iron altar of Okawaru.
  1105 | D:2      | Reached skill level 1 in Spellcasting
  1106 | D:2      | Reached skill level 1 in Throwing
  1107 | D:2      | HP: 1/28 [orc (3)]
  1391 | D:2      | Reached XP level 5. HP: 19/33 MP: 6/6
  2257 | D:3      | Reached XP level 6. HP: 37/38 MP: 8/8
  2284 | D:3      | HP: 1/38 [something/puff of flame (8)]
  3339 | D:4      | Found a basalt altar of Yredelemnul.
  3689 | D:4      | Noticed Blork the orc
  3716 | D:4      | Killed Blork the orc
  3716 | D:4      | Reached XP level 7. HP: 43/43 MP: 9/9
  3874 | D:4      | Found a radiant altar of Vehumet.
  4624 | D:5      | Entered Level 5 of the Dungeon
  4649 | D:5      | Demolished by an ogre

Levels and vault maps discovered:
D:1:      sevenhm_arrival_forest_fort_large_4, layout_basic
D:2:      layout_rooms, grunt_temple_overflow_order_and_chaos_2,
          cheibriados_altar_1, old_standard_altar, okawaru_altar_gauntlet_db
D:3:      cheibrodos_old_hovel, layout_loops_ring
D:4:      layout_loops_ring, old_standard_altar, lemuel_crystal_altar,
          chequers_serial_rivers_room_b, minmay_pentangle, uniq_blork_the_orc
D:5:      minmay_recursive_quarters, layout_loops_corners,
          dancing_weapons_uskayaw, minmay_temple_entry_waves, first_ration

Skill      XL: |  1  2  3  4  5  6  7 |
---------------+----------------------+-----
Stealth        | 1 2 3 |  3.6
Dodging        | 1 2 |  2.8
Short Blades   | 3 4 |  4.1
Spellcasting   | 1 2 |  2.2
Throwing       | 1 2 |  2.4
Armour         | 3 |  3.8
Fighting       | 4 |  4.3
Shields        | |  2.8

Action                   |  1- 3 |  4- 6 |  7- 9 || total
-------------------------+-------+-------+-------++-------
Melee: Rapier            |    83 |   232 |    70 ||   385
Throw: Tomahawk          |       |     3 |       ||     3
  Use: Potion            |     1 |     3 |     1 ||     5
       Scroll            |       |     4 |       ||     4
 Stab: Sleeping          |       |       |     1 ||     1
  Eat: Chunk             |     8 |     7 |     5 ||    20
Armor: Scale mail        |    36 |    78 |    28 ||   142
Dodge: Dodged            |    19 |   131 |    54 ||   204
Block: Shield            |    38 |    84 |       ||   122

Table legend:
 A = Non-vault XP
 B = Vault XP
 C = Vault XP percentage of total XP
 D = Non-vault monster count
 E = Vault monster count
 F = Vault count percentage of total count
                 A         B        C        D         E       F
            +---------+---------+-------+---------+---------+-------
      Total |     568 |     215 |  27.5 |      74 |      12 |  14.0
            +---------+---------+-------+---------+---------+-------
        D:1 |      47 |       0 |   0.0 |      20 |       0 |   0.0
        D:2 |     102 |      27 |  20.9 |      15 |       6 |  28.6
        D:3 |     225 |       2 |   0.9 |      27 |       1 |   3.6
        D:4 |     139 |     186 |  57.2 |      11 |       5 |  31.2
        D:5 |      55 |       0 |   0.0 |       1 |       0 |   0.0
            +---------+---------+-------+---------+---------+-------
